 Dungeon Crawl Stone Soup version 0.30-a0-777-ga9a30cbeda (console) character file.

Game seed: 636264873595547271

67 Ignak the Ogre Mage (level 4, -1/42 HPs)
             Began as an Ogre Hedge Wizard on Feb 14, 2023.
             Succumbed to Crazy Yiuf's poison
             ... on level 2 of the Dungeon.
             The game lasted 00:04:47 (1951 turns).

Ignak the Ogre Mage (Ogre Hedge Wizard)             Turns: 1951, Time: 00:04:48

Health: -1/42      AC:  3    Str: 16    XL:     4   Next: 16%
Magic:  2/9        EV:  9    Int: 15    God:
Gold:   144        SH:  0    Dex:  8    Spells: 3/11 levels left

rFire   . . .      SeeInvis +    d - +2 hand axe of the Undead {venom, SInv}
rCold   . . .      Faith    .    (no shield)
rNeg    . . .      Spirit   .    b - +0 robe
rPois   .          Reflect  .    c - +0 hat
rElec   .          Harm     .    (no cloak)
rCorr   .          Rampage  .    (gloves unavailable)
Will    .....                    (boots unavailable)
Stlth   +                        (no amulet)
HPRegen 0.27/turn                (no ring)
MPRegen 0.11/turn                (no ring)

@: mighty, lethally poisoned (-1 -> -7)
A: large, unfitting armour, tough skin 1, low MP 1
a: no special abilities


You were on level 2 of the Dungeon.
You visited 1 branch of the dungeon, and saw 2 of its levels.

You collected 144 gold pieces.

Inventory:

Hand Weapons
 d - the +2 hand axe of the Undead (weapon) {venom, SInv}
   (You took it off a hobgoblin on level 2 of the Dungeon)

   SInv:      It lets you see invisible.
Armour
 b - a +0 robe (worn)
 c - a +0 hat (worn)
Scrolls
 a - 2 scrolls of identify {unknown}
 e - a scroll of blinking {unknown}
 f - a scroll of magic mapping {unknown}
 g - a scroll of fear {unknown}
 l - a scroll of brand weapon {unknown}
Potions
 i - a potion of haste {unknown}
 k - a potion of flight
 m - a potion of berserk rage {unknown}
 n - a potion of attraction {unknown}


   Skills:
 + Level 1.7 Fighting
 + Level 0.2 Axes
 + Level 1.0 Armour
 + Level 2.2 Dodging
 - Level 1.4 Stealth
 + Level 4.0 Spellcasting
 + Level 1.3 Conjurations
 - Level 0.8 Summonings
 + Level 1.4 Translocations
 + Level 0.4 Air Magic
 + Level 0.4 Poison Magic


You had 3 spell levels left.
You knew the following spells:

 Your Spells              Type           Power      Damage    Failure   Level
a - Magic Dart            Conj           24%        1d4       11%         1
b - Blink                 Tloc           14%        N/A       16%         2
d - Mephitic Cloud        Conj/Pois/Air  5%         N/A       38%         3
e - Call Imp              Summ           5%         N/A       19%         2

Your spell library contained the following spells:

 Spells                   Type           Power      Damage    Failure   Level
 Slow                     Hex            12%        N/A       19%         1
 Cigotuvi's Dreadful Rot  Necr/Pois/Air  6%         N/A       24%         2
 Ensorcelled Hibernation  Hex/Ice        6%         N/A       26%         2
 Sublimation of Blood     Necr           3%         N/A       26%         2
 Spider Form              Tmut/Pois      3%         N/A       45%         3
 Anguish                  Hex/Necr       1%         N/A       87%         4
 Petrify                  Tmut/Erth      3%         N/A       87%         4
 Irradiate                Conj/Tmut      2%         3d12      98%         5


Dungeon Overview and Level Annotations

Branches:
Dungeon (2/15)

Altars:

Annotations:
D:2 Crazy Yiuf


Innate Abilities, Weirdness & Mutations

You are too large for most types of armour.
You have tough skin. (AC +1)
Your magical capacity is low. (-10% MP)


Message History

You blink.
Casting: Blink (safe; 16% risk of failure)
Confirm with . or Enter, or press ? or * to list all spells.
A beastly little devil appears in a puff of flame.
Okay, then.
You slash Crazy Yiuf!
Crazy Yiuf is moderately wounded.
Crazy Yiuf closely misses you.
You hit Crazy Yiuf.
Crazy Yiuf is poisoned.
Crazy Yiuf is heavily wounded.
Crazy Yiuf hits you with a +2 quarterstaff of chaos!
Space warps horribly around you!!
Your crimson imp hits Crazy Yiuf.
You hit Crazy Yiuf.
Crazy Yiuf is heavily wounded.
You feel stable enough to blink again.
Your crimson imp hits Crazy Yiuf.
Crazy Yiuf hits your crimson imp with a +2 quarterstaff of chaos!
Your crimson imp appears confused.
You barely miss Crazy Yiuf.
Crazy Yiuf is severely wounded.
Your crimson imp barely misses Crazy Yiuf.
Crazy Yiuf hits you but does no damage.
Crazy Yiuf grits, "Hack!"
Crazy Yiuf hits you with a +2 quarterstaff of chaos!
* * * LOW HITPOINT WARNING * * *
You are lethally poisoned!
Your magical contamination has completely faded away.
Okay, then.
Press: ? - help, v - describe, . - travel
Here: Crazy Yiuf, wielding a +2 quarterstaff of chaos and wearing a +0 cloak (almost dead, very poisoned, ally target)
The floor.
It was a potion of might.
You feel very mighty all of a sudden.
* * * LOW HITPOINT WARNING * * *
You feel sick. Crazy Yiuf barely misses you.
It was a potion of mutation.
You feel extremely strange.
You feel less energetic.
Your thoughts seem clearer.
Your thinking seems confused.
You die...

#...........#...)†.......#
#.########..........####.#
#.# #.##.#####.# #.# #.#
###### #.# #.# #†# ##.#
#.# ###.# #..# #.#
....##♣♣ ##### #### #.#
#.#..+.♣♣ ♣♣#..)# #.#
#.......♣♣♣♣.'.g@# #.#
###......♣..♣#.5.# #.#
##.+..♣.♣♣♣##### #######.#
###♣♣♣♣♣ #.......#
#########


You could see Crazy Yiuf (very poisoned, ally target) and a friendly crimson imp
(summoned, confused).

Vanquished Creatures
  An adder (D:2)
  A dart slug (D:2)
  8 bats
  An endoplasm (D:2)
  4 giant cockroaches
  2 goblins (D:2)
  7 hobgoblins
  3 quokkas
  4 ball pythons
  A frilled lizard (D:1)
  2 kobolds
  4 rats
38 creatures vanquished.

Vanquished Creatures (collateral kills)
  An adder (D:2)
  An endoplasm (D:2)
  A hobgoblin (D:2)
3 creatures vanquished.

Vanquished Creatures (others)
  3 fungi (D:2)
  A plant (D:2)
4 creatures vanquished.

Grand Total: 45 creatures vanquished

Notes
Turn   | Place    | Note
-------+----------+-------------------------------------------
     0 | D:1      | Ignak the Ogre Hedge Wizard began the quest for the Orb.
     0 | D:1      | Reached XP level 1. HP: 16/16 MP: 5/5
    70 | D:1      | Reached skill level 1 in Conjurations
   239 | D:1      | Reached skill level 1 in Translocations
   353 | D:1      | Reached XP level 2. HP: 25/26 MP: 1/6
   372 | D:1      | Learned a level 2 spell: Blink
   375 | D:1      | Learned a level 2 spell: Call Imp
   431 | D:1      | Reached skill level 1 in Fighting
  1170 | D:2      | Reached XP level 3. HP: 33/33 MP: 4/8
  1174 | D:2      | Learned a level 3 spell: Mephitic Cloud
  1229 | D:2      | Identified the +2 hand axe of the Undead {venom, SInv}
  1382 | D:2      | Found a faded altar of an unknown god.
  1431 | D:2      | Reached skill level 4 in Spellcasting
  1506 | D:2      | Reached XP level 4. HP: 41/41 MP: 10/10
  1685 | D:2      | Reached skill level 1 in Armour
  1930 | D:2      | Found a runed translucent door.
  1931 | D:2      | Noticed Crazy Yiuf
  1949 | D:2      | HP: 2/42 [Crazy Yiuf/+2 quarterstaff of chaos (14)]
  1951 | D:2      | Gained mutation: Your magical capacity is low. (-10% MP)
                  | [potion of mutation]
  1951 | D:2      | Gained mutation: You possess an exceptional clarity of
                  | mind. [potion of mutation]
  1951 | D:2      | Lost mutation: You possess an exceptional clarity of mind.
                  | [potion of mutation]
  1951 | D:2      | Succumbed to Crazy Yiuf's poison

Illustrated notes

Levels and vault maps discovered:
D:1:      lightli_arrival_lavapool, layout_basic, minmay_tetromino_t2
D:2:      layout_loops_ring, shapermc_ecumenical_altar_acropolis,
          uniq_crazy_yiuf_cottage

Skill      XL: |  1  2  3  4 |
---------------+-------------+-----
Conjurations   | 1 |  1.3
Translocations | 1 |  1.4
Dodging        | 2 |  2.2
Fighting       | 1 |  1.7
Spellcasting   | 4 |  4.0
Armour         | 1 |  1.0
Axes           | |  0.2
Stealth        | |  1.4
Summonings     | |  0.8
Air Magic      | |  0.4
Poison Magic   | |  0.4

Action                     |  1- 3 |  4- 6 || total
---------------------------+-------+-------++-------
  Melee: Dagger            |    59 |       ||    59
         Hand axe          |    17 |    22 ||    39
         Club              |     7 |       ||     7
   Cast: Magic Dart        |    48 |       ||    48
         Call Imp          |     6 |     2 ||     8
         Blink             |       |     1 ||     1
    Use: Potion            |     2 |     2 ||     4
 Armour: Robe              |    50 |     7 ||    57
  Dodge: Dodged            |    51 |    17 ||    68

Table legend: (Time is in decaauts)
 A = Elapsed time spent in this place.
 B = Non-inter-level travel time spent in this place.
 C = Inter-level travel time spent in this place.
 D = Time resting spent in this place.
 E = Time spent auto-exploring this place.
 F = Levels seen in this place.
 G = Mean time per level.
                   A        B        C        D        E       F      G
               +--------+--------+--------+--------+--------+-----+--------+
         Total |   1964 |   1930 |     34 |    210 |   1201 |   2 |  982.0 |
       Dungeon |   1964 |   1930 |     34 |    210 |   1201 |   2 |  982.0 |
               +--------+--------+--------+--------+--------+-----+--------+

Top non-repeatable levels by time:
     D:1: 1160 daAuts
     D:2: 804 daAuts
